[Event "Early-Titled-Tuesday-Blitz-February-13-2024"]
[Site "Chess.com"]
[Date "2024.02.13"]
[Round "7"]
[White "esrosenberg"]
[Black "Perecke"]
[Result "1-0"]
[WhiteElo "2437"]
[BlackElo "2531"]
[TimeControl "180+1"]
[EndTime "9:21:43 PST"]
[Termination "esrosenberg won by resignation"]

1. d4 Nf6 2. Bg5 Ne4 3. h4 c5 4.
dxc5 Qa5+ 5. Nd2 e6 6. c3 Nxd2 7. Qxd2 Qxc5 8. Nf3 d5 9. g3 Nc6 10. Bg2 Be7 11. Bxe7 Qxe7 12. O-O-O b5 13. e4 dxe4 14.
Nd4 Nxd4 15. Qxd4 f5 16. f3 O-O 17. fxe4 f4 18. e5 f3 19. Bh3 Bb7 20. Rhf1 Bd5 21. Kb1 a5 22. Rf2 Rac8 23. Qb6 Rb8 24. Qxa5 Ra8 25.
Qb4 Bxa2+ 26. Kc2 Qxb4 27. cxb4 Rac8+ 28. Kd2 Bb3 29. Re1 Bd5 30. Ke3 Rc4 31. Rd1 Rxb4 32. Rd4 Rb3+ 33. Rd3 Rxd3+ 34. Kxd3 h5 35. Ke3 Kh7 36.
Bf1 Kh6 37. Bxb5 g5 38. hxg5+ Kxg5 39. Rh2 Rf5 40. Rh4 Rxe5+ 41. Kf2 Rf5 42. Be8 Kh6 43.
g4 Re5 44. Rxh5+ Rxh5 45. gxh5 Kg5 46. b4 e5 47. b5 Kf4 48. Bc6 Bg8 49. Bxf3 e4 50.
Be2 e3+ 51. Kg2 Bd5+ 52. Kh3 Kg5 53. Kg3 Bf7 54. h6 Kxh6 55. Kf4 Kg6 56. Kxe3 Kf6 57. Kd4 Ke7 58. Kc5 Kd8 59. Kb6 Kc8 60. Ka7 Bd5 61. b6 Be4 62. Ba6+ Kd7 63. Bb7 Bd3 64. Bd5 Kd6 65. b7 Kxd5 66. b8=Q 1-0

[Event "Early-Titled-Tuesday-Blitz-February-13-2024"]
[Site "Chess.com"]
[Date "2024.02.13"]
[Round "7"]
[White "AttilaTurzo"]
[Black "GaiozNigalidze"]
[Result "0-1"]
[WhiteElo "2475"]
[BlackElo "2680"]
[TimeControl "180+1"]
[EndTime "9:21:43 PST"]
[Termination "GaiozNigalidze won on time"]

1. d4 Nf6 2. Bf4 b5 3. c3 Bb7 4. Nd2 e6 5. Qc2 c5 6. e3 Be7 7. Ngf3 a6 8. Bd3 O-O 9. e4 h6 10. O-O Nc6 11. dxc5 Bxc5 12. Rad1 Rc8 13. h3 d5 14.
exd5 Nxd5 15. Bg3 Kh8 16. Ne4 Be7 17. Qe2 Qb6 18. a3 Rcd8 19. Ne5 Nxe5 20. Bxe5 f5 21. Qh5 Kh7 22. Nd2 Ne3 23. Bd4 Rxd4 24. cxd4 Nxd1 25. Rxd1 Qxd4 26. Nf3 Qxb2 27. Nh4 Qf6 28. g3 g6 29. Qe2 Rd8 30. Nf3 Bxa3 31. Ne5 Be7 32. f4 Bd6 33.
Bc2 Bxe5 34. Rxd8 Bd4+ 35. Rxd4 Qxd4+ 36. Kh2 Bd5 37. Bd3 Bc4 38. Bxc4 Qxc4 39. Qe5 Qc2+ 40. Kg1 Qc6 41. Qf6 Qd7 42. h4 h5 43. Qe5 b4 44.
Qb8 Qd4+ 45. Kh2 a5 46. Qc7+ Qg7 47. Qxa5 b3 48. Qb6 b2 49. Qb8 Kh6 50. Kh3 Qf6 51. Kh2 Kh7 52. Qb7+ Kh6 53. Qb8 Qc3 54. Qf8+ Kh7 55. Qe7+ Qg7 56. Qb4 e5 57. fxe5 Qxe5 58. Qb7+ Kh6 59. Kh3 f4 60. gxf4 Qe3+ 61. Kg2 Qe2+ 0-1

[Event "Early-Titled-Tuesday-Blitz-February-13-2024"]
[Site "Chess.com"]
[Date "2024.02.13"]
[Round "7"]
[White "AndresDelgado77"]
[Black "akanga001"]
[Result "1-0"]
[WhiteElo "2360"]
[BlackElo "2018"]
[TimeControl "180+1"]
[EndTime "9:21:49 PST"]
[Termination "AndresDelgado77 won by resignation"]

1. e4 e6 2. d4 d5 3. e5 c5 4. c3 Nc6 5. Nf3 Nge7 6. Be3 cxd4 7. cxd4 Nf5 8. Nc3 Bb4 9. Bd3 O-O 10. O-O a6 11. Bg5 Be7 12. Bxe7 Qxe7 13. Bxf5 exf5 14. Nxd5 Qd8 15. Nc3 g5 16. d5 g4 17. dxc6 gxf3 18.
Qxf3 bxc6 19. Qxc6 Be6 20. Rad1 Qg5 21. f4 Qh5 22. Rd3 Rfc8 23. Rg3+ Kh8 24. Qd6 Qh6 25. Qe7 Rab8 26. Rf2 Rd8 27. b3 Rd7 28. Qg5 Qxg5 29. Rxg5 Rc8 30. Ne2 Rd1+ 31. Rf1 Rd2 32. Ng3 Bd5 33.
Nxf5 Rcc2 34. Ne3 Rxa2 35. Nxd5 Rxd5 36. Rc1 Rd8 37. h4 Rb2 38. Rg3 h6 39. Rc7 Rf8 40.
Rc6 Kh7 41. Rxa6 Rg8 42. Rxg8 Kxg8 43. Rb6 Kg7 44. Kh2 h5 45. Kh3 Kf8 46. g4 hxg4+ 47.
Kxg4 Rg2+ 48. Kf5 Kg7 49. h5 Rh2 50. h6+ Kf8 51. b4 Ke7 52. b5 Rb2 53. h7 Rh2 54. Rb7+ Kf8 55. h8=Q+ Rxh8 56. Rb8+ Kg7 57. Rxh8 Kxh8 58.
b6 Kg7 59. b7 1-0

[Event "Early-Titled-Tuesday-Blitz-February-13-2024"]
[Site "Chess.com"]
[Date "2024.02.13"]
[Round "7"]
[White "Storne89"]
[Black "Abund"]
[Result "0-1"]
[WhiteElo "2582"]
[BlackElo "2763"]
[TimeControl "180+1"]
[EndTime "9:21:50 PST"]
[Termination "Abund won on time"]

1. d4 d5 2. Nf3 Nf6 3. c3 e6 4. Bf4 Bd6 5. e3 O-O 6. Nbd2 c5 7. Bd3 Bxf4 8. exf4 Qd6 9. g3 b6 10. O-O Ba6 11.
Bxa6 Nxa6 12. Ne5 cxd4 13. cxd4 Qb4 14. Nb3 Rac8 15. Qd3 Nb8 16. Rac1 g6 17. a3 Qa4 18. Nd2 Kg7 19. h4 h5 20. Kg2 Rfd8 21. Ndf3 Ne4 22. Ng5 Nxg5 23. fxg5 Nd7 24. Nf3 a6 25. Qe3 Qb5 26. Qf4 Qxb2 27. Rc7 Qxa3 28. Rfc1 Rxc7 29. Rxc7 Kg8 30. Rb7 a5 31. Qc7 Qf8 32. Qc6 Qe8 33. Ra7 Kg7 34. Ne1 Kg8 35. Nd3 Nf6 36. Qxb6 Ng4 37.
Nf4 Rb8 38. Qxa5 Rd8 39. Qc7 Rc8 40. Qb7 Rb8 41. Qc7 Rc8 42. Qa5 Kg7 43. Nd3 Rc2 44.
Qb6 Qc8 45. Qd6 Qe8 46. Qf4 Rc3 47. Ne5 Nxe5 48. Qf6+ Kg8 49. Qxe5 Rc8 50. Rb7 Ra8 51. Rc7 Rc8 52. Rb7 Rd8 53. Qf6 Rb8 54. Rc7 Rc8 55. Re7 Qf8 56. g4 hxg4 57. Kg3 Re8 58. Rd7 Qg7 59. Qf4 e5 60. dxe5 Rxe5 61. Rd8+ Kh7 62.
Rd7 Rf5 0-1

[Event "Early-Titled-Tuesday-Blitz-February-13-2024"]
[Site "Chess.com"]
[Date "2024.02.13"]
[Round "7"]
[White "Radzio1987"]
[Black "Jospem"]
[Result "1-0"]
[WhiteElo "2919"]
[BlackElo "3039"]
[TimeControl "180+1"]
[EndTime "9:21:51 PST"]
[Termination "Radzio1987 won on time"]

1. d4 Nf6 2. c4 e6 3. Nf3 Bb4+ 4. Bd2 c5 5. Bxb4 cxb4 6. e3 b6 7. Bd3 Bb7 8. Nbd2 a5 9. O-O d6 10. e4 O-O 11. Qe2 h6 12. Rad1 Qc7 13. Rfe1 e5 14.
Nf1 Nc6 15. Ng3 g6 16. Qd2 Kh7 17. Bc2 Rad8 18. h3 Ba6 19. Rc1 Nb8 20. Ba4 Qe7 21.
b3 Bb7 22. Bb5 Na6 23. Bxa6 Bxa6 24. Nh2 Bc8 25. f4 exd4 26. Nf3 Bb7 27. Qxd4 Nd7 28. Rcd1 Nc5 29. f5 Rg8 30. Re3 a4 31. Rf1 axb3 32.
axb3 Nd7 33. Qd2 Nc5 34. Nh2 gxf5 35. Rxf5 Bc8 36. Rh5 Rg6 37. Nf5 Nxe4 38. Nxe7 Nxd2 39. Nxg6 Kxg6 40. Rb5 Bf5 41. Nf3 Nxf3+ 42. Rxf3 Be4 43. Rg3+ Kf6 44. Rxb6 Ke5 45. Rxb4 f5 46. Rg7 Ra8 47. Ra4 Rb8 48. b4 Kd4 49. b5 Bc2 50. Ra6 Kxc4 51. Rxd6 Be4 52. Rxh6 Rxb5 53. Rd6 Kc5 54. Rd2 Rb1+ 55.
Kh2 Kc6 56. Kg3 Rf1 57. h4 Rh1 58. Rg5 Kc5 59. h5 Kc4 60. Kf4 Rh4+ 61. Ke5 Kc3 62. Rf2 Kd3 63. Kf6 Ke3 64. Rfxf5 Bxf5 65. Rxf5 Ke4 66.
Rg5 Kf4 67. g3+ 1-0

[Event "Early-Titled-Tuesday-Blitz-February-13-2024"]
[Site "Chess.com"]
[Date "2024.02.13"]
[Round "7"]
[White "ChessLover0108"]
[Black "sokidze"]
[Result "1-0"]
[WhiteElo "2997"]
[BlackElo "2826"]
[TimeControl "180+1"]
[EndTime "9:21:52 PST"]
[Termination "ChessLover0108 won by resignation"]

1. d4 d5 2. c4 e6 3. Nc3 a6 4. cxd5 exd5 5. Nf3 Nf6 6. Bg5 Be6 7.
e3 Nbd7 8. Bd3 Bd6 9. O-O c6 10. a3 Qc7 11. Ne2 Ne4 12. Bf4 O-O 13. Rc1 f5 14.
Nd2 g5 15. Bxd6 Qxd6 16. f3 Nxd2 17. Qxd2 Kh8 18. f4 g4 19. Rcd1 Nf6 20. Nc1 Rae8 21.
Bb1 Ne4 22. Qe1 Bc8 23. Nd3 Qf6 24. Ne5 Nd6 25. Bd3 Rg8 26. b4 Re7 27. a4 Bd7 28. Rb1 Be8 29. Qc3 Rgg7 30. Qc5 Qe6 31. Rfc1 h6 32.
Rc2 Kh7 33. Qb6 Nc8 34. Qc5 Nd6 35. Rbc1 h5 36. Qc3 Kh6 37. Qb2 Kh7 38. Rc5 Kh6 39. Qb3 Kh7 40. R5c2 Kh6 41. Rc3 Kh7 42. Rc5 Kh6 43.
Kf1 Kh7 44. b5 cxb5 45. Qxd5 bxa4 46. Qxe6 Rxe6 47. Nc4 Bb5 48. Rxf5 Kh6 49. Re5 Bxc4 50. Bxc4 Rxe5 51. fxe5 Nxc4 52. Rxc4 b5 53. Rb4 a3 54. Rb3 Rc7 55. Rxa3 Ra7 56. d5 b4 57. Rd3 Kg7 58.
d6 a5 59. d7 1-0

[Event "Early-Titled-Tuesday-Blitz-February-13-2024"]
[Site "Chess.com"]
[Date "2024.02.13"]
[Round "7"]
[White "Schachmalanders"]
[Black "Semetey"]
[Result "0-1"]
[WhiteElo "2463"]
[BlackElo "2648"]
[TimeControl "180+1"]
[EndTime "9:21:52 PST"]
[Termination "Semetey won by resignation"]

1. e4 c5 2. Nc3 d6 3. g3 g6 4. Bg2 Bg7 5. Nge2 Nc6 6. d3 e5 7. Be3 Nge7 8. Qd2 Nd4 9. O-O-O Be6 10. Bh6 O-O 11. h4 f6 12. Bxg7 Kxg7 13. h5 g5 14. h6+ Kh8 15. f4 gxf4 16. gxf4 Rg8 17. Bh3 Bxh3 18. Rxh3 b5 19. Nxd4 cxd4 20. Nxb5 Qb6 21.
Na3 Rac8 22. Rhh1 Ng6 23. f5 Nf4 24. Rhg1 d5 25. exd5 Nxd5 26. Qf2 Ne3 27. Rxg8+ Rxg8 28. Rg1 Qd8 29. Nc4 Rxg1+ 30. Qxg1 Nxf5 31. Qh2 Qf8 32. Qg2 Qxh6+ 33. Kb1 Qg6 34. Qa8+ Qg8 35. Qh1 Ng3 36. Qh4 Qg6 37. a4 h5 38. b4 Nf5 39. Qe4 h4 40.
Qa8+ Qg8 41. Qe4 Qe6 42. Qg4 Kh7 43. b5 Kh6 44. Kb2 Qd7 45. Nd2 Qe6 46. Ne4 Ng7 47. Qxh4+ Kg6 48. Nd2 Qe7 49. Kb3 Qe6+ 50. Nc4 Qe7 51. a5 Qc5 52. Ka4 Ne6 53. Qg4+ Kf7 54. Qh5+ Ke7 55. Qh7+ Ke8 56. Qb7 Nc7 57. b6 Nd5 58.
Qb8+ Kf7 59. Nd6+ Ke6 60. Qc8+ Qxc8 61. Nxc8 axb6 62. a6 b5+ 63. Kxb5 Kd7 64. a7 Nc7+ 65. Kb6 Kxc8 66. Kc6 f5 67. Kd6 f4 68. Kxe5 f3 69.
Kxd4 f2 70. c4 f1=Q 0-1

[Event "Early-Titled-Tuesday-Blitz-February-13-2024"]
[Site "Chess.com"]
[Date "2024.02.13"]
[Round "7"]
[White "Schattman"]
[Black "Lady_Nika"]
[Result "1-0"]
[WhiteElo "2406"]
[BlackElo "2583"]
[TimeControl "180+1"]
[EndTime "9:21:53 PST"]
[Termination "Schattman won on time"]

1. f4 d5 2. Nf3 e6 3. g3 f5 4. e3 Nf6 5. c4 c6 6. b3 Bd6 7. Bb2 O-O 8. Nc3 Nbd7 9. Be2 Qe7 10. cxd5 exd5 11. O-O Ne4 12. Nxe4 fxe4 13. Nd4 Nc5 14. Ba3 Bh3 15. Rf2 Nd3 16. Bxd6 Qxd6 17. Bxd3 exd3 18. Qh5 Bd7 19. Rc1 c5 20. Nf3 Rf5 21. Qh4 b5 22.
Ne5 c4 23. bxc4 dxc4 24. Nxd7 Qxd7 25. Qg4 Re8 26. Qf3 Rc5 27. g4 b4 28. f5 c3 29.
f6 gxf6 30. Qxf6 cxd2 31. Rcf1 Qe7 32. Qxe7 Rxe7 33. Rxd2 Rxe3 34. Rfd1 Rc3 35. Kf2 Rh3 36. Kg2 Rh4 37. Kg3 Rh6 38. Rxd3 Rhc6 39. Kh4 Rxd3 40. Rxd3 a5 41. a3 Rc3 42. Rd8+ Kf7 43. axb4 axb4 44.
Rb8 b3 45. Rb7+ Ke6 46. Rxh7 Rc2 47. h3 Kd5 48. Rb7 Kc4 49. Kg5 Rd2 50. Kf4 b2 51. h4 Rh2 52. h5 Kc3 53. Kg5 Rh1 54. Kg6 b1=Q+ 55. Rxb1 Rxb1 56. h6 Kd4 57. h7 Rh1 58. Kg7 Ke5 59. g5 Kf5 60. g6 Kg5 61. Kf7 Rh2 62. Kg7 1-0

[Event "Early-Titled-Tuesday-Blitz-February-13-2024"]
[Site "Chess.com"]
[Date "2024.02.13"]
[Round "7"]
[White "Klavdia_Nik"]
[Black "Barbix1"]
[Result "0-1"]
[WhiteElo "2123"]
[BlackElo "2290"]
[TimeControl "180+1"]
[EndTime "9:21:53 PST"]
[Termination "Barbix1 won on time"]

1. Nf3 Nf6 2. c4 g6 3. b3 Bg7 4.
Bb2 O-O 5. g3 c5 6. Bg2 Nc6 7.
O-O d5 8. d3 d4 9. Nbd2 e5 10. b4 cxb4 11. a3 Re8 12. axb4 Nxb4 13. Ba3 Nc6 14. Ng5 a5 15. Nge4 Nxe4 16. Nxe4 Be6 17.
Nd6 Re7 18. Nxb7 Qc7 19. Nd6 Rd7 20. Nb5 Qc8 21. Qa4 Ra6 22. Rfb1 Ne7 23. Rb2 h5 24. Rab1 Kh7 25. Rc2 Nf5 26. Bc1 Rd8 27. Bg5 Re8 28. Qa3 Bd7 29. Nd6 Nxd6 30. Qxd6 Rxd6 31. Rcb2 Ra6 32.
Bb7 Qc7 33. Bxa6 a4 34. Bb5 Bxb5 35. Rxb5 Ra8 36. Ra1 a3 37. Ra2 Qd6 38. Bc1 Bf8 39. Rd5 Qe6 40. h4 Qe7 41. Kg2 Qe6 42. f3 Qe7 43.
Rb5 Qe6 44. Rb3 f5 45. Bg5 e4 46. Rb7+ Kg8 47. Rb3 exd3 48. exd3 Bg7 49. Bf4 Qe1 50. c5 Qd1 51. Rbxa3 Rxa3 52. Rxa3 Qc2+ 53. Kh3 Qxc5 54.
Ra8+ Kh7 55. Rd8 Qa5 56. Rd7 Qa4 57. Rb7 Kg8 58. Rb8+ Kh7 59. Rb7 Qa1 60. Kg2 Qa2+ 61. Kh3 Qf2 0-1

[Event "Early-Titled-Tuesday-Blitz-February-13-2024"]
[Site "Chess.com"]
[Date "2024.02.13"]
[Round "7"]
[White "FontVella8"]
[Black "ural58"]
[Result "1/2-1/2"]
[WhiteElo "2722"]
[BlackElo "2522"]
[TimeControl "180+1"]
[EndTime "9:21:54 PST"]
[Termination "Game drawn - insufficient material"]

1. Nf3 Nc6 2. d4 d5 3. Bf4 Bg4 4. e3 e6 5. Nbd2 Bd6 6. Bxd6 cxd6 7. a3 Nf6 8. Be2 O-O 9. O-O Qc7 10. b4 Rfc8 11.
c4 dxc4 12. Nxc4 b5 13. Nb2 a5 14. Qb3 axb4 15. axb4 Nd5 16. Nd3 Ra4 17. Rfc1 Rca8 18.
Rxa4 bxa4 19. Qa3 Qb6 20. h3 Bh5 21. b5 Nce7 22. Nb2 Bxf3 23. gxf3 Qa5 24. Kf1 h6 25. Qxd6 a3 26. Nc4 Qb4 27. Qxb4 Nxb4 28. Ra1 a2 29. b6 Nec6 30. b7 Rb8 31. Nd6 Na5 32. Bc4 Nxc4 33. Nxc4 Rxb7 34. Ke2 Rc7 35. Na3 Ra7 36.
Nb5 Ra5 37. Nc3 g5 38. Kd2 Kg7 39. e4 Kg6 40. Nd1 Kh5 41. Kc3 Nc6 42. Ne3 Kh4 43.
d5 exd5 44. exd5 Ne5 45. d6 Ra6 46. Kd4 Nxf3+ 47. Kd5 Nd2 48. d7 Ra8 49. Rxa2 Rd8 50. Kd6 Ne4+ 51. Ke7 Rxd7+ 52. Kxd7 Kxh3 53. Ke7 f6 54.
Kf7 h5 55. f3 Nc3 56. Rc2 Nb5 57. Kxf6 g4 58. fxg4 hxg4 59. Kg5 g3 60. Kf4 Nd4 61. Rg2 Ne6+ 62. Ke5 Ng5 63. Rxg3+ Kxg3 1/2-1/2

[Event "Early-Titled-Tuesday-Blitz-February-13-2024"]
[Site "Chess.com"]
[Date "2024.02.13"]
[Round "7"]
[White "kingofthenil"]
[Black "ViIIagra"]
[Result "1/2-1/2"]
[WhiteElo "2718"]
[BlackElo "2965"]
[TimeControl "180+1"]
[EndTime "9:21:59 PST"]
[Termination "Game drawn - insufficient material"]

1. Nf3 d6 2. d4 Nf6 3. c4 g6 4.
Nc3 Bg7 5. g3 Bf5 6. Qb3 Qc8 7.
Bg2 c6 8. O-O O-O 9. Re1 Ne4 10.
Nh4 Nxc3 11. Nxf5 Qxf5 12. bxc3 Qc8 13. Rb1 b6 14. Qa4 Qc7 15. h4 Rc8 16. h5 Nd7 17.
h6 Bh8 18. Be3 Rab8 19. Qa6 Nf6 20. Bg5 c5 21. a4 cxd4 22. cxd4 Ng4 23. e3 Bf6 24.
Bxf6 Nxf6 25. Rb4 e6 26. Reb1 Ng4 27. a5 Nxh6 28. axb6 axb6 29. Rxb6 Rxb6 30. Rxb6 Qxc4 31. Qxc4 Rxc4 32. Rxd6 Rc1+ 33. Bf1 Ng4 34. d5 Rd1 35. e4 Rd2 36. Bc4 e5 37. f3 Ne3 38. Rc6 Kg7 39. Bb3 Rd3 40. Rb6 f5 41. d6 fxe4 42. fxe4 Ng4 43. Rb7+ Kh6 44. d7 Nf6 45. Be6 Rxg3+ 46.
Kf2 Rd3 47. Bd5 Nxd7 48. Rxd7 Rd4 49. Kg3 Rd3+ 50. Kg4 Rd4 51. Kg3 Rd3+ 52. Kg4 Rd4 53. Re7 Rd1 54. Rxe5 Rg1+ 55. Kf4 Rf1+ 56. Kg3 Rf8 57. Re7 Rh8 58. e5 Kg5 59. Be4 Rd8 60. Rxh7 Re8 61. Rg7 Rxe5 62. Rxg6+ Kh5 63. Rg4 Rg5 64.
Bf3 Rxg4+ 65. Bxg4+ 1/2-1/2

[Event "Early-Titled-Tuesday-Blitz-February-13-2024"]
[Site "Chess.com"]
[Date "2024.02.13"]
[Round "7"]
[White "ajeale2"]
[Black "Yeritsyaan"]
[Result "1/2-1/2"]
[WhiteElo "2483"]
[BlackElo "2609"]
[TimeControl "180+1"]
[EndTime "9:22:03 PST"]
[Termination "Game drawn - insufficient material"]

1. d4 Nf6 2. Bf4 g6 3. e3 Bg7 4. Nf3 O-O 5. h3 d6 6. Be2 Nc6 7. O-O Ne4 8. Nbd2 Nxd2 9. Qxd2 e5 10. dxe5 dxe5 11. Qxd8 Rxd8 12. Bg3 h6 13. c3 Be6 14.
Bb5 e4 15. Bxc6 bxc6 16. Nd4 Bc4 17. Nxc6 Rd2 18. Rfd1 Rxb2 19. Bxc7 Rxa2 20. Rxa2 Bxa2 21. Ra1 Be6 22. Rxa7 Rxa7 23. Nxa7 Bxc3 24. Nb5 Bg7 25. Bd6 f5 26. Nd4 Bd7 27. Kh2 Kf7 28. h4 Bf6 29. g3 Ba4 30. h5 Bd7 31. hxg6+ Kxg6 32. Kg2 h5 33. Ne2 Bg5 34. Be5 h4 35. Nf4+ Kh6 36. Bd6 Bb5 37. Bf8+ Kh7 38. Ne6 Bf6 39. Bd6 Be2 40.
gxh4 Bxh4 41. Bg3 Bf6 42. Kh3 Bg4+ 43. Kg2 Kg6 44. Nf4+ Kf7 45. Nd5 Bd8 46. Bb8 Ke6 47.
Nf4+ Kd7 48. Kg3 Kc6 49. Be5 Kb5 50. Ne6 Ba5 51. Kf4 Be1 52. Nd4+ Kc4 53. Nxf5 Bxf5 54.
Kxf5 Kd3 55. Bg3 Ba5 56. Kf4 Bc7+ 57. Kg4 Bd8 58. Kf5 Bb6 59. Kf4 Ba5 60. Ke5 Bc7+ 61. Kf5 Bxg3 62. fxg3 Kxe3 63. g4 Kd4 64. g5 e3 65. g6 e2 66. g7 e1=Q 67. g8=Q Qf1+ 68. Kg6 Ke5 69. Qe8+ Kd6 70. Qd8+ Ke6 71. Qg8+ Ke7 72. Qg7+ Ke8 73. Qe5+ Kd7 74. Qf5+ Qxf5+ 75. Kxf5 1/2-1/2

[Event "Early-Titled-Tuesday-Blitz-February-13-2024"]
[Site "Chess.com"]
[Date "2024.02.13"]
[Round "7"]
[White "AryanTari"]
[Black "Onischuk_V"]
[Result "1/2-1/2"]
[WhiteElo "2928"]
[BlackElo "2797"]
[TimeControl "180+1"]
[EndTime "9:22:05 PST"]
[Termination "Game drawn by repetition"]

1. e4 d6 2. d4 Nf6 3. Nc3 g6 4. Nf3 Bg7 5. Be2 O-O 6. O-O a6 7. Re1 Nc6 8. d5 Ne5 9. Nxe5 dxe5 10. a4 e6 11. Bc4 exd5 12. Nxd5 Nxd5 13. Bxd5 c6 14.
Bb3 Qe7 15. Qe2 Be6 16. Bxe6 Qxe6 17. Be3 b5 18. Red1 Rfd8 19. Rxd8+ Rxd8 20. Bb6 Rb8 21. a5 Rb7 22. c4 Rd7 23. cxb5 cxb5 24. Rc1 h5 25. h4 Kh7 26. g3 Bh6 27. Rc2 Qb3 28.
Kg2 Qe6 29. Be3 Bxe3 30. Qxe3 Rd4 31. Rc7 Kg7 32. Qf3 Rb4 33. Rb7 Rb3 34. Qe2 Qd6 35. Qc2 Rb4 36. Qc3 Qd4 37. Qf3 Qc4 38. Rb6 Qxe4 39.
Qxe4 Rxe4 40. Rxa6 Rb4 41. Rb6 Rxb2 42. a6 b4 43. Rb5 Ra2 44. Rxb4 Rxa6 45. Rb7 Kf6 46. Rc7 Ke6 47. Rb7 f6 48. Rg7 Kf5 49. Rb7 Ra3 50. Rb2 Ra5 51. Rc2 e4 52. Rb2 Re5 53. Rc2 Kg4 54. Rc4 Kf5 55. Rc2 e3 56. fxe3 Rxe3 57. Rc5+ Re5 58. Rc2 Ra5 59. Rf2+ Ke6 60. Re2+ Re5 61.
Rb2 Kd5 62. Rd2+ Ke4 63. Ra2 Ke3 64. Ra3+ Kd4 65. Ra2 Rf5 66. Rb2 Ke4 67. Ra2 Rd5 68. Rb2 Ke3 69. Rb3+ Ke4 70. Rb2 Rf5 71. Ra2 Ke5 72.
Rb2 Ke4 1/2-1/2

[Event "Early-Titled-Tuesday-Blitz-February-13-2024"]
[Site "Chess.com"]
[Date "2024.02.13"]
[Round "7"]
[White "tylityli"]
[Black "DeArron_Fox"]
[Result "1/2-1/2"]
[WhiteElo "2307"]
[BlackElo "2517"]
[TimeControl "180+1"]
[EndTime "9:22:07 PST"]
[Termination "Game drawn - insufficient material"]

1. d4 d5 2. c4 e6 3. Nc3 Nf6 4. cxd5 exd5 5. Bg5 Be7 6. e3 c6 7. Bd3 Nbd7 8. Qc2 Nh5 9. Bxe7 Qxe7 10. Nge2 g6 11.
O-O-O Nb6 12. h3 Be6 13. g4 Nf6 14. Kb1 O-O-O 15. Nf4 Kb8 16. Na4 Nxa4 17. Qxa4 Nd7 18.
Rc1 Rc8 19. b4 b5 20. Qa5 Nb6 21. Rc5 Nc4 22. Bxc4 bxc4 23. Qa6 Qb7 24. Qa3 g5 25.
Ne2 f5 26. f3 h5 27. Ng3 hxg4 28. hxg4 Rxh1+ 29. Nxh1 fxg4 30. fxg4 Bxg4 31. Ng3 Qc7 32. Nf1 Bf5+ 33. Kc1 Bd3 34. Nd2 Qh7 35. b5 Qh1+ 36.
Kb2 Qd1 37. Qc3 Ka8 38. Rxc6 Rxc6 39. bxc6 Qa4 40. c7 Qb5+ 41. Kc1 Qc6 42. Qa5 Kb7 43. c8=Q+ Kxc8 44. Qxa7 Qb7 45. Qc5+ Kb8 46. Qd6+ Ka8 47. Qa3+ Kb8 48. Qd6+ Ka7 49. Qa3+ Qa6 50. Qc5+ Kb8 51. Qf8+ Kc7 52. Qe7+ Kc8 53. Qf8+ Kd7 54. Qf7+ Kc8 55. Qe8+ Kb7 56. Qe7+ Ka8 57. Qd8+ Ka7 58. Qd7+ Qb7 59. Qa4+ Kb8 60. Qe8+ Kc7 61. Qe7+ Kc6 62. Qc5+ Kd7 63. e4 dxe4 64. d5 e3 65. Nxc4 Bxc4 66. Qxc4 Qc7 67.
Qxc7+ Kxc7 68. Kd1 Kd6 69. Ke2 Kxd5 70. Kxe3 Kc5 71.
Kf3 Kb4 72. Kg4 Ka3 73. Kxg5 Kxa2 1/2-1/2

[Event "Early-Titled-Tuesday-Blitz-February-13-2024"]
[Site "Chess.com"]
[Date "2024.02.13"]
[Round "7"]
[White "Mariia89"]
[Black "kylelancman"]
[Result "1/2-1/2"]
[WhiteElo "2199"]
[BlackElo "2416"]
[TimeControl "180+1"]
[EndTime "9:22:09 PST"]
[Termination "Game drawn by repetition"]

1. d4 d5 2. c4 e6 3. Nc3 Nf6 4. Nf3 c5 5. cxd5 Nxd5 6. e4 Nxc3 7. bxc3 cxd4 8. cxd4 Bb4+ 9. Bd2 Bxd2+ 10. Qxd2 O-O 11.
Bd3 Nc6 12. Bc2 Qe7 13. O-O Rd8 14. e5 Nb4 15. Be4 Nd5 16. Rfd1 b6 17. h4 h6 18. Bc2 Ba6 19. a3 Rac8 20. Be4 Rc7 21. g4 Nc3 22. Re1 Nxe4 23. Rxe4 Bb7 24. Rf4 Bxf3 25. Rxf3 Qxh4 26. Rg3 Rcd7 27. Rd1 Qg5 28. f4 Qh4 29. Kg2 Qe7 30. g5 Rxd4 31. Qxd4 Rxd4 32. Rxd4 hxg5 33. Rxg5 g6 34. Rg3 Qc5 35. Rgd3 Kg7 36. Rd8 Qc6+ 37.
Kg3 Qe4 38. R8d7 g5 39. fxg5 Qxe5+ 40. Kg4 Qf5+ 41. Kh4 Kg6 42. Rg3 Qf4+ 43. Kh3 Qf1+ 44. Kh2 Qf2+ 45. Kh3 Qf5+ 46. Kh2 Qa5 47. Rf3 Qxg5 48.
Rfxf7 Qh5+ 49. Kg3 Qg5+ 50. Kh3 Qe3+ 51. Kg2 Qxa3 52.
Rg7+ Kf6 53. Rxa7 Qb2+ 54. Kf3 Qc3+ 55. Ke2 Qc4+ 56. Ke3 Qc3+ 57. Ke2 Kf5 58. Rgf7+ Ke5 59.
Rad7 b5 60. Ra7 b4 61. Rab7 Qc4+ 62. Ke3 b3 63. Rfc7 Qd4+ 64. Ke2 b2 65. Rb5+ Kf6 66. Rcb7 Qe4+ 67. Kd2 Qd4+ 68. Ke2 Qe4+ 69. Kd2 Qd4+ 70. Ke2 1/2-1/2

[Event "Early-Titled-Tuesday-Blitz-February-13-2024"]
[Site "Chess.com"]
[Date "2024.02.13"]
[Round "7"]
[White "chess_blitz00"]
[Black "SahibSinghKnight"]
[Result "1/2-1/2"]
[WhiteElo "2473"]
[BlackElo "2605"]
[TimeControl "180+1"]
[EndTime "9:22:11 PST"]
[Termination "Game drawn by stalemate"]

1. d3 e5 2. Nc3 d5 3. e4 d4 4. Nce2 c5 5. f4 Nc6 6. Nf3 Bd6 7. g3 f5 8. exf5 Bxf5 9. Bg2 e4 10. dxe4 Bxe4 11.
O-O Nf6 12. b3 O-O 13. Bd2 Re8 14. Nc1 Qb6 15. Nd3 Qa6 16. Bc1 Nd5 17. Bd2 Rad8 18.
Re1 c4 19. bxc4 Ne3 20. Bxe3 dxe3 21. Qe2 Qxc4 22. Qxe3 Bxd3 23. cxd3 Qf7 24. Qf2 h6 25. Kh1 Nb4 26. Rxe8+ Rxe8 27. Re1 Nxd3 28. Rxe8+ Qxe8 29. Qd2 Qb5 30. h4 Bb4 31. Qe2 Qd7 32. Bf1 Qg4 33.
Qxd3 Qxg3 34. Qb3+ Kh8 35. Qxb4 Qxf3+ 36. Bg2 Qd1+ 37.
Kh2 Qd8 38. Qe1 Qf6 39. Qg3 b5 40. Bf3 a5 41. Bg2 b4 42. Kh3 a4 43. Qg4 b3 44.
axb3 axb3 45. Qc8+ Kh7 46. Be4+ g6 47. Qb7+ Kg8 48.
Qxb3+ Kg7 49. Qb7+ Kf8 50. Qc8+ Ke7 51. Qc5+ Kd8 52.
Qd5+ Ke7 53. Qe5+ Qxe5 54. fxe5 Ke6 55. Bxg6 Kxe5 56. Kg4 Kf6 57. Kh5 Kg7 58. Bf5 Kh8 59. Kg6 Kg8 60. h5 Kh8 61. Kf6 Kg8 62. Bg6 Kh8 63. Bf7 Kh7 64. Ke7 Kh8 65. Kf8 Kh7 66.
Bg6+ Kh8 67. Be8 Kh7 68. Kf7 Kh8 69. Kg6 Kg8 70. Kxh6 Kh8 71. Bg6 Kg8 72. Kg5 Kh8 73. h6 Kg8 74. Kf6 Kh8 75. Bf7 Kh7 76. Kg5 Kh8 77.
Kh5 Kh7 78. Kg5 Kh8 79. Kg6 1/2-1/2

[Event "Early-Titled-Tuesday-Blitz-February-13-2024"]
[Site "Chess.com"]
[Date "2024.02.13"]
[Round "7"]
[White "ChEsper99"]
[Black "Jamal-Jamal-Jamal"]
[Result "1-0"]
[WhiteElo "2218"]
[BlackElo "2294"]
[TimeControl "180+1"]
[EndTime "9:22:11 PST"]
[Termination "ChEsper99 won by resignation"]

1. d4 f5 2. g3 Nf6 3. Bg2 e6 4. c4 g6 5. Nc3 Bg7 6. Nf3 O-O 7. O-O d5 8. b3 Nc6 9. Bf4 a6 10. Ne5 Ne4 11. Nxe4 fxe4 12. Nxc6 bxc6 13. cxd5 cxd5 14. Rc1 Rf7 15. Qd2 a5 16. Rc5 a4 17. Rfc1 axb3 18. axb3 Ba6 19. e3 Ra7 20. Qa5 Qb8 21. Bxc7 Qb7 22. Bb6 Ra8 23. Rc7 Rxc7 24. Rxc7 Qb8 25. Qc5 Bf8 26. Qc6 Qe8 27. Qxe8 Rxe8 28. Bf1 Bd3 29.
Rc3 Rb8 30. Bc5 Bb1 31. Bxf8 Kxf8 32. Be2 Kf7 33. Bd1 Bd3 34. Kg2 Rb4 35. f3 exf3+ 36. Kxf3 Be4+ 37. Ke2 Kf6 38. Kd2 Rb6 39. Bc2 Bf3 40.
Bd3 Rb8 41. Be2 Be4 42. Bd3 Bg2 43. Kc2 Ra8 44. Kb2 h5 45. h4 g5 46. b4 gxh4 47.
gxh4 e5 48. dxe5+ Kxe5 49. b5 Bh3 50. b6 Bc8 51. Rb3 Rb8 52. Bg6 Bg4 53. Kc2 Kd6 54. Kd3 Kc6 55. e4 Be6 56. exd5+ Bxd5 57. Rb4 Rd8 58. Ke3 Kc5 59. Rb2 Bc4 60. Bxh5 Bb5 61.
Kf4 Kxb6 62. Be2 Rf8+ 63. Kg5 Rg8+ 64. Kf6 Rh8 65. Rxb5+ Kc6 66. h5 Kd6 67. Re5 Rh6+ 68. Kg5 Rh8 69. Rf5 Ke6 70. Kf4 Rg8 71. Bg4 Ke7 72.
h6 Rh8 73. Rh5 Kf6 74. Bf5 Ke7 75. h7 Kf6 76. Rh6+ Kg7 77. Rh5 Kf6 78. Kg4 Kg7 79.
Kg5 Kf7 80. Rh6 Kg7 81. Ra6 Kf8 82. Ra7 Ke8 83. Ra8+ Kf7 84. Rxh8 1-0